 Dungeon Crawl Stone Soup version 0.28.0 (webtiles) character file.

Game seed: 17483576355821159785

259 psuckher the Sneak (level 5, -2/53 HPs)
             Began as a Troll Delver on Feb 16, 2022.
             Was an Initiate of Ru.
             Slain by an orc warrior (10 damage)
             ... on level 4 of the Dungeon.
             The game lasted 00:04:15 (953 turns).

psuckher the Sneak (Troll Delver)                    Turns: 953, Time: 00:04:15

Health: -2/53      AC:  8    Str: 22    XL:     5   Next: 95%
Magic:  4/4        EV: 10    Int:  6    God:    Ru [......]
Gold:   36         SH:  0    Dex: 11    Spells: 4/4 levels left

rFire   . . .      SeeInvis .     - Unarmed
rCold   . . .      Faith    .   (no shield)
rNeg    . . .      Spirit   .   a - +0 robe
rPois   .          Reflect  .   (helmet restricted)
rElec   .          Harm     .   (no cloak)
rCorr   .          Rampage  .   (gloves unavailable)
Will    .....                   (boots unavailable)
Stlth   ++........              (no amulet)
HPRegen 0.97/turn               g - +4 ring of protection
MPRegen 0.09/turn               (no ring)

@: no status effects
A: large, unfitting armour, claws 3, regeneration 1, shaggy fur 1, tough skin 1
a: Renounce Religion


You were on level 4 of the Dungeon.
You worshipped Ru.
Ru was noncommittal.
You visited 2 branches of the dungeon, and saw 3 of its levels.

You collected 36 gold pieces.

Inventory:

Armour
 a - a +0 robe (worn)
 k - a +0 pair of boots
Jewellery
 g - a +4 ring of protection (left claw)
Wands
 f - a wand of digging (3)
Scrolls
 b - a scroll of fog
 c - a scroll of magic mapping
 d - a scroll of fear
 h - a scroll of noise {unknown}
 l - a scroll of torment {unknown}
Potions
 e - a potion of haste
 i - a potion of heal wounds {unknown}
 j - a potion of curing {unknown}


   Skills:
 + Level 3.1 Fighting
 + Level 2.1 Dodging
 + Level 4.1 Stealth
 + Level 3.0 Unarmed Combat


You had 4 spell levels left.
You didn't know any spells.
Your spell library was empty.

Dungeon Overview and Level Annotations

Branches:
Dungeon (5/15)             Temple (1/1) D:4

Altars:
Cheibriados
Dithmenos
Elyvilon
Fedhas
Hepliaklqana
Kikubaaqudgha
Nemelex Xobeh
Okawaru
Ru
Sif Muna
Uskayaw
Vehumet
Wu Jian
Yredelemnul
Zin


Innate Abilities, Weirdness & Mutations

You are too large for most types of armour.
You have claws for hands.
Your natural rate of healing is unusually fast.
You are covered in fur. (AC +1)
You have tough skin. (AC +1)


Message History

You closely miss the ball python. You claw the ball python.
You kill the ball python!
There is an iron altar of Okawaru here.
There is an iron altar of Okawaru here.
There is a staircase back to the Dungeon here.
There is a staircase back to the Dungeon here.
You can't go down here!
You climb upwards.
The hobgoblin misses you.
There is a staircase to the Ecumenical Temple here.
The hobgoblin closely misses you.
The orc warrior hits you but does no damage.
You climb downwards.
Welcome back to the Ecumenical Temple!
There is a staircase back to the Dungeon here.
You claw the hobgoblin!
You kill the hobgoblin!
You climb upwards.
The orc warrior closely misses you.
There is a staircase to the Ecumenical Temple here.
The orc warrior hits you with a +0 glaive!
You scratch the orc warrior but do no damage.
The orc warrior hits you with a +0 glaive!
You barely miss the orc warrior. The orc warrior barely misses you.
You scratch the orc warrior.
The orc warrior is lightly wounded.
The orc warrior hits you with a +0 glaive.
You barely miss the orc warrior. Your claw misses the orc warrior.
The orc warrior is lightly wounded.
The orc warrior hits you with a +0 glaive.
You scratch the orc warrior.
The orc warrior is moderately wounded.
The orc warrior hits you with a +0 glaive!
* * * LOW HITPOINT WARNING * * *
You hear a shout!
You scratch the orc warrior.
The orc warrior is moderately wounded.
The orc warrior hits you with a +0 glaive!
* * * LOW HITPOINT WARNING * * *
The orc warrior hits you but does no damage.
There is a staircase to the Ecumenical Temple here.
The orc warrior hits you from afar with a +0 glaive!
You die...

#...##....#..#.......)##...
#.#...#........#.....[....#..
#.................#.........#
#####..................#....#
#.g#........###....####..#
###.#.#.....#####...# ...#
##...######.##.##....#... ...
#....#.#.#..#...........# .#
....#...$...#.o.@..#....##
#..##.........o...###....#
###.........####..###......
$..........## ###..##....#.#
..#.........##...#..##...###
. ##..................#..#
#..#.#.#.........#..
...####..#.........#.# ...
..................


You could see an orc warrior and an orc wizard.

Vanquished Creatures
  An ice beast (D:5)
  An ogre (D:5)
  An orc priest (D:4)
  A killer bee zombie (D:5)
  A howler monkey skeleton (D:5)
  2 adders (D:5)
  A goblin (D:4)
  3 hobgoblins
  A ball python (Temple)
12 creatures vanquished.

Notes
Turn   | Place    | Note
-------+----------+-------------------------------------------
     0 | D:5      | psuckher the Troll Delver began the quest for the Orb.
     0 | D:5      | Reached XP level 1. HP: 22/22 MP: 0/0
    36 | D:5      | Reached skill level 3 in Stealth
    36 | D:5      | Reached XP level 2. HP: 29/29 MP: 1/1
    38 | D:5      | Noticed an ice beast
    52 | D:5      | Killed an ice beast
    53 | D:5      | Reached XP level 3. HP: 8/36 MP: 2/2
    53 | D:5      | Reached XP level 4. HP: 10/44 MP: 3/3
   241 | D:5      | Noticed an ogre
   252 | D:5      | Killed an ogre
   253 | D:5      | Reached skill level 4 in Stealth
   253 | D:5      | Reached XP level 5. HP: 26/53 MP: 4/4
   617 | D:4      | Found a staircase to the Ecumenical Temple.
   627 | Temple   | Entered the Ecumenical Temple
   792 | Temple   | Became a worshipper of Ru the Awakened
   845 | D:4      | Noticed an orc warrior
   953 | D:4      | Slain by an orc warrior

Illustrated notes

Levels and vault maps discovered:
D:4:      layout_cave_pools, minmay_temple_entry_wispy, st_stairs_3
D:5:      layout_cave_pools
Temple:   regret_index_temple_waves

Skill      XL: |  1  2  3  4  5 |
---------------+----------------+-----
Stealth        | 3 4 |  4.1
Fighting       | 3 |  3.1
Dodging        | 2 |  2.1
Unarmed Combat | 3 |  3.0

Action                   |  1- 3 |  4- 6 || total
-------------------------+-------+-------++-------
Melee: Unarmed           |    19 |    45 ||    64
       Punch             |       |     1 ||     1
 Stab: Sleeping          |       |     1 ||     1
Armor: Robe              |     7 |    15 ||    22
Dodge: Dodged            |     8 |    26 ||    34
